[ AOE2 MATCH · #513809775 ]
UnrankedPersians vs Koreans
Player's team · WIN
Rival team · LOSS
[ REPLAY ANALYSIS · EXTRACTED FROM THE RECORDED GAME ]
Feudal
8:49
Castle
21:04
Imperial
—
| APM avg | 73.5 |
| APM peak | 113 |
| eAPM avg | 26.1 |
| Villagers / military | 46 / 42 |
Focus
⚔️ 35.7% · 🌾 64.3%
Skirmisher ×35 · Militia ×3 · Mangonel ×2 · Knight ×1 · Battering Ram ×1
Feudal
8:50
Castle
—
Imperial
—
| APM avg | 84.4 |
| APM peak | 116 |
| eAPM avg | 33.8 |
| Villagers / military | 51 / 53 |
Focus
⚔️ 55.1% · 🌾 44.9%
Skirmisher ×39 · Spearman ×13 · Archer ×1
Match map
Initial resources + every placement click. Lines = walls · curves = elevation contours. ◆ gold · ⬟ stone · ● berries · ✦ relic · ◌ wall gap
Your base· Open — unwalled flank
NuMa | AngelR's base· Open — 3t gap
Smoothed initial terrain · ◌ = detected wall gap · hover for details
Inputs per minute
— [LW] Faneth - - NuMa | AngelR
Build order — [LW] Faneth
First 150 of 151 actions detected
| 0:01 | Queue | Villager (Male) |
| 0:01 | Queue | Villager (Male) |
| 0:02 | Build | House |
| 0:02 | Queue | Villager (Male) |
| 0:03 | Build | House |
| 0:04 | Queue | Villager (Male) |
| 0:13 | Queue | Villager (Male) |
| 1:22 | Queue | Villager (Male) |
| 1:47 | Build | Lumber Camp |
| 2:08 | Queue | Villager (Male) |
| 2:23 | Queue | Villager (Male) |
| 3:07 | Queue | Villager (Male) |
| 3:29 | Queue | Villager (Male) |
| 3:47 | Build | House |
| 3:47 | Queue | Villager (Male) |
| 4:11 | Queue | Villager (Male) |
| 4:21 | Queue | Villager (Male) |
| 4:26 | Build | Mill |
| 4:44 | Queue | Villager (Male) |
| 5:24 | Queue | Villager (Male) |
| 5:48 | Build | Barracks |
| 5:50 | Queue | Villager (Male) |
| 6:07 | Research | Loom |
| 6:19 | Build | House |
| 6:39 | Research | Feudal Age |
| 7:06 | Build | Mining Camp |
| 7:10 | Queue | Militia |
| 7:29 | Queue | Militia |
| 7:32 | Build | House |
| 7:45 | Queue | Militia |
| 7:59 | Queue | Villager (Male) |
| 8:07 | Build | House |
| 8:08 | Build | Palisade Wall |
| 8:49 | Age | Feudal Age |
| 8:51 | Build | Archery Range |
| 9:00 | Research | Double-Bit Axe |
| 9:06 | Research | Man-at-Arms (upgrade) |
| 9:07 | Queue | Villager (Male) |
| 9:26 | Queue | Villager (Male) |
| 9:37 | Queue | Skirmisher |
| 9:49 | Queue | Villager (Male) |
| 9:55 | Queue | Skirmisher |
| 10:02 | Build | Farm |
| 10:04 | Build | Farm |
| 10:08 | Queue | Skirmisher |
| 10:15 | Queue | Villager (Male) |
| 10:29 | Build | Palisade Wall |
| 10:30 | Build | House |
| 10:37 | Queue | Skirmisher |
| 10:42 | Queue | Villager (Male) |
| 10:49 | Queue | Skirmisher |
| 11:01 | Build | Farm |
| 11:02 | Queue | Villager (Male) |
| 11:28 | Queue | Skirmisher |
| 11:30 | Queue | Villager (Male) |
| 11:44 | Queue | Villager (Male) |
| 11:48 | Build | Farm |
| 12:10 | Queue | Skirmisher |
| 12:13 | Queue | Villager (Male) |
| 12:26 | Queue | Villager (Male) |
| 12:27 | Build | Farm |
| 12:27 | Build | Farm |
| 12:27 | Build | Farm |
| 12:28 | Build | Farm |
| 12:28 | Build | Farm |
| 12:42 | Queue | Villager (Male) |
| 12:43 | Build | House |
| 12:58 | Research | Double-Bit Axe |
| 13:14 | Queue | Villager (Male) |
| 13:16 | Build | Farm |
| 13:39 | Queue | Skirmisher |
| 13:48 | Queue | Villager (Male) |
| 13:56 | Queue | Skirmisher |
| 14:14 | Queue | Skirmisher |
| 14:15 | Build | Farm |
| 14:17 | Build | Lumber Camp |
| 14:30 | Build | House |
| 14:33 | Research | Town Watch |
| 14:40 | Queue | Skirmisher |
| 14:58 | Queue | Skirmisher |
| 15:00 | Queue | Villager (Male) |
| 15:15 | Queue | Skirmisher |
| 15:25 | Queue | Skirmisher |
| 15:31 | Queue | Villager (Male) |
| 15:33 | Build | Farm |
| 15:48 | Build | House |
| 16:01 | Queue | Villager (Male) |
| 16:03 | Build | Farm |
| 16:06 | Build | Farm |
| 16:21 | Queue | Skirmisher |
| 16:29 | Queue | Villager (Male) |
| 16:31 | Build | House |
| 16:34 | Build | Farm |
| 16:47 | Queue | Skirmisher |
| 16:50 | Queue | Villager (Male) |
| 16:56 | Build | Archery Range |
| 17:00 | Build | House |
| 17:22 | Queue | Villager (Male) |
| 17:44 | Queue | Villager (Male) |
| 17:45 | Build | Market |
| 17:51 | Queue | Skirmisher |
| 18:16 | Queue | Villager (Male) |
| 18:25 | Build | Blacksmith |
| 18:27 | Research | Castle Age |
| 18:33 | Queue | Skirmisher |
| 18:42 | Queue | Skirmisher |
| 18:59 | Queue | Skirmisher |
| 19:00 | Queue | Skirmisher |
| 19:00 | Queue | Villager (Male) |
| 19:18 | Queue | Skirmisher |
| 19:40 | Queue | Skirmisher |
| 19:40 | Queue | Villager (Male) |
| 19:51 | Queue | Skirmisher |
| 19:56 | Build | Watch Tower |
| 20:03 | Research | Fletching |
| 20:16 | Queue | Skirmisher |
| 20:18 | Queue | Skirmisher |
| 20:43 | Queue | Villager (Male) |
| 20:50 | Build | Stable |
| 20:53 | Build | Farm |
| 21:04 | Age | Castle Age |
| 21:10 | Research | Bodkin Arrow |
| 21:17 | Build | Siege Workshop |
| 21:30 | Research | Elite Skirmisher (upgrade) |
| 21:34 | Queue | Skirmisher |
| 22:03 | Queue | Skirmisher |
| 22:11 | Queue | Skirmisher |
| 22:24 | Queue | Knight |
| 22:25 | Queue | Battering Ram |
| 22:30 | Queue | Villager (Male) |
| 22:31 | Queue | Skirmisher |
| 22:42 | Queue | Mangonel |
| 22:45 | Queue | Villager (Male) |
| 22:46 | Queue | Villager (Male) |
| 23:04 | Queue | Skirmisher |
| 23:04 | Queue | Skirmisher |
| 23:19 | Queue | Skirmisher |
| 23:30 | Queue | Skirmisher |
| 23:36 | Queue | Villager (Male) |
| 23:55 | Queue | Skirmisher |
| 24:01 | Build | Mill |
| 24:02 | Build | Farm |
| 24:02 | Build | Farm |
| 24:02 | Build | Farm |
| 24:03 | Build | Farm |
| 24:03 | Build | Farm |
| 24:03 | Build | Farm |
| 24:03 | Build | Farm |
| 24:03 | Build | Farm |
| 24:19 | Queue | Villager (Male) |
Build order — NuMa | AngelR
First 150 of 202 actions detected
| 0:00 | Queue | Villager (Male) |
| 0:01 | Queue | Villager (Male) |
| 0:01 | Queue | Villager (Male) |
| 0:02 | Build | House |
| 0:02 | Queue | Villager (Male) |
| 0:02 | Queue | Villager (Male) |
| 0:04 | Build | House |
| 1:23 | Queue | Villager (Male) |
| 1:55 | Build | Lumber Camp |
| 2:04 | Queue | Villager (Male) |
| 2:19 | Queue | Villager (Male) |
| 2:50 | Queue | Villager (Male) |
| 3:19 | Queue | Villager (Male) |
| 3:19 | Queue | Villager (Male) |
| 3:58 | Queue | Villager (Male) |
| 4:00 | Build | House |
| 4:01 | Build | House |
| 4:03 | Build | Palisade Wall |
| 4:30 | Queue | Villager (Male) |
| 4:32 | Queue | Villager (Male) |
| 5:01 | Queue | Villager (Male) |
| 5:13 | Queue | Villager (Male) |
| 5:13 | Research | Loom |
| 5:29 | Build | Mill |
| 6:29 | Research | Feudal Age |
| 6:47 | Build | Palisade Wall |
| 6:50 | Build | Palisade Wall |
| 6:51 | Build | Palisade Wall |
| 6:53 | Build | Palisade Wall |
| 6:55 | Build | Palisade Wall |
| 6:56 | Build | Palisade Wall |
| 7:19 | Queue | Villager (Male) |
| 7:23 | Build | Palisade Wall |
| 7:26 | Build | Palisade Wall |
| 7:31 | Build | Lumber Camp |
| 8:09 | Build | Palisade Wall |
| 8:28 | Queue | Villager (Male) |
| 8:47 | Build | Barracks |
| 8:50 | Age | Feudal Age |
| 8:55 | Research | Double-Bit Axe |
| 9:02 | Build | Palisade Wall |
| 9:27 | Queue | Spearman |
| 9:31 | Build | Archery Range |
| 9:43 | Queue | Villager (Male) |
| 9:47 | Queue | Spearman |
| 9:54 | Build | House |
| 9:55 | Build | House |
| 9:56 | Build | Palisade Wall |
| 10:10 | Queue | Villager (Male) |
| 10:21 | Queue | Villager (Male) |
| 10:24 | Queue | Skirmisher |
| 10:25 | Queue | Skirmisher |
| 10:27 | Queue | Archer |
| 10:28 | Queue | Skirmisher |
| 10:45 | Build | Archery Range |
| 10:49 | Queue | Villager (Male) |
| 11:23 | Queue | Villager (Male) |
| 11:32 | Queue | Villager (Male) |
| 11:34 | Queue | Skirmisher |
| 11:34 | Queue | Skirmisher |
| 11:39 | Queue | Spearman |
| 11:49 | Build | Farm |
| 11:49 | Build | Farm |
| 11:51 | Build | Farm |
| 11:53 | Build | Palisade Wall |
| 12:08 | Queue | Villager (Male) |
| 12:12 | Queue | Villager (Male) |
| 12:29 | Build | Farm |
| 12:29 | Build | Farm |
| 12:31 | Build | Farm |
| 12:32 | Build | Farm |
| 12:33 | Queue | Villager (Male) |
| 12:42 | Queue | Skirmisher |
| 12:42 | Queue | Skirmisher |
| 12:47 | Build | Farm |
| 12:48 | Build | Farm |
| 12:54 | Build | House |
| 13:03 | Build | House |
| 13:04 | Build | House |
| 13:19 | Queue | Villager (Male) |
| 13:20 | Build | Farm |
| 13:21 | Build | Farm |
| 13:26 | Queue | Skirmisher |
| 13:26 | Queue | Skirmisher |
| 13:27 | Build | Palisade Wall |
| 13:29 | Build | Palisade Wall |
| 13:35 | Build | Palisade Wall |
| 13:36 | Build | Palisade Wall |
| 13:51 | Queue | Skirmisher |
| 13:51 | Queue | Skirmisher |
| 13:53 | Queue | Villager (Male) |
| 14:09 | Queue | Villager (Male) |
| 14:15 | Build | Palisade Wall |
| 14:18 | Queue | Skirmisher |
| 14:18 | Queue | Skirmisher |
| 14:18 | Queue | Skirmisher |
| 14:39 | Queue | Skirmisher |
| 14:44 | Queue | Villager (Male) |
| 15:01 | Queue | Villager (Male) |
| 15:06 | Build | Blacksmith |
| 15:32 | Queue | Villager (Male) |
| 15:33 | Queue | Skirmisher |
| 15:33 | Queue | Skirmisher |
| 15:36 | Queue | Spearman |
| 15:42 | Research | Fletching |
| 15:49 | Build | Farm |
| 16:05 | Queue | Villager (Male) |
| 16:09 | Build | Mining Camp |
| 16:13 | Build | Farm |
| 16:15 | Build | Farm |
| 16:16 | Queue | Villager (Male) |
| 16:19 | Build | House |
| 16:21 | Build | House |
| 16:26 | Queue | Skirmisher |
| 16:26 | Queue | Skirmisher |
| 16:29 | Queue | Spearman |
| 16:36 | Queue | Skirmisher |
| 16:36 | Queue | Skirmisher |
| 16:39 | Queue | Villager (Male) |
| 16:48 | Build | Palisade Wall |
| 16:49 | Build | Palisade Wall |
| 17:01 | Queue | Spearman |
| 17:12 | Queue | Skirmisher |
| 17:12 | Queue | Skirmisher |
| 17:19 | Queue | Skirmisher |
| 17:19 | Queue | Skirmisher |
| 17:29 | Build | House |
| 17:37 | Queue | Villager (Male) |
| 17:48 | Build | Farm |
| 17:51 | Build | Farm |
| 17:52 | Queue | Villager (Male) |
| 17:58 | Queue | Skirmisher |
| 17:58 | Queue | Skirmisher |
| 18:02 | Queue | Villager (Male) |
| 18:27 | Build | Watch Tower |
| 18:29 | Queue | Villager (Male) |
| 18:31 | Queue | Skirmisher |
| 18:31 | Queue | Skirmisher |
| 18:39 | Build | Watch Tower |
| 18:47 | Queue | Skirmisher |
| 18:58 | Queue | Villager (Male) |
| 19:14 | Queue | Skirmisher |
| 19:14 | Queue | Skirmisher |
| 19:15 | Queue | Villager (Male) |
| 19:39 | Queue | Skirmisher |
| 19:39 | Queue | Skirmisher |
| 19:39 | Queue | Skirmisher |
| 19:40 | Queue | Skirmisher |
| 19:45 | Build | Watch Tower |
| 19:49 | Queue | Spearman |
Match timeline
| 4:03 | NuMa | AngelR · wall_segment Palisade Wall x5 |
| 5:48 | [LW] Faneth · first_building Barracks |
| 6:47 | NuMa | AngelR · wall_segment Palisade Wall x2 |
| 6:50 | NuMa | AngelR · wall_segment Palisade Wall x1 |
| 6:51 | NuMa | AngelR · wall_segment Palisade Wall x1 |
| 6:53 | NuMa | AngelR · wall_segment Palisade Wall x1 |
| 6:55 | NuMa | AngelR · wall_segment Palisade Wall x1 |
| 6:56 | NuMa | AngelR · wall_segment Palisade Wall x1 |
| 7:23 | NuMa | AngelR · wall_segment Palisade Wall x2 |
| 7:26 | NuMa | AngelR · wall_segment Palisade Wall x1 |
| 8:08 | [LW] Faneth · wall_segment Palisade Wall x1 |
| 8:09 | NuMa | AngelR · wall_segment Palisade Wall x1 |
| 8:47 | NuMa | AngelR · first_building Barracks |
| 8:49 | [LW] Faneth · age_up feudal |
| 8:50 | NuMa | AngelR · age_up feudal |
| 8:51 | [LW] Faneth · first_building Archery Range |
| 9:02 | NuMa | AngelR · wall_segment Palisade Wall x1 |
| 9:31 | NuMa | AngelR · first_building Archery Range |
| 9:56 | NuMa | AngelR · wall_segment Palisade Wall x3 |
| 10:29 | [LW] Faneth · wall_segment Palisade Wall x1 |
| 11:53 | NuMa | AngelR · wall_segment Palisade Wall x1 |
| 13:27 | NuMa | AngelR · wall_segment Palisade Wall x1 |
| 13:29 | NuMa | AngelR · wall_segment Palisade Wall x1 |
| 13:35 | NuMa | AngelR · wall_segment Palisade Wall x1 |
| 13:36 | NuMa | AngelR · wall_segment Palisade Wall x1 |
| 14:15 | NuMa | AngelR · wall_segment Palisade Wall x1 |
| 16:48 | NuMa | AngelR · wall_segment Palisade Wall x1 |
| 16:49 | NuMa | AngelR · wall_segment Palisade Wall x6 |
| 18:26 | [LW] Faneth · first_market_buy 100 food |
| 20:45 | NuMa | AngelR · wall_segment Stone Wall x1 |
| 20:45 | NuMa | AngelR · wall_segment Stone Wall x1 |
| 20:46 | NuMa | AngelR · wall_segment Stone Wall x1 |
| 20:47 | NuMa | AngelR · wall_segment Stone Wall x1 |
| 20:48 | NuMa | AngelR · wall_segment Stone Wall x1 |
| 20:50 | [LW] Faneth · first_building Stable |
| 21:04 | [LW] Faneth · age_up castle |
| 21:17 | [LW] Faneth · first_building Siege Workshop |
| 24:08 | NuMa | AngelR · wall_segment Palisade Wall x1 |
| 24:08 | NuMa | AngelR · wall_segment Palisade Wall x2 |
| 24:11 | NuMa | AngelR · wall_segment Palisade Wall x3 |
| 24:35 | NuMa | AngelR · resign |
[ AI ANALYSIS · 1 CREDIT ]
What really happened in this match?
Wolo.gg analyzes every decision: build order, eco, micro, common mistakes by bracket. Personalized analysis on WhatsApp or Discord in 30 seconds.
Civ guide
Persians
Perfil
Jugador #2482098